AoeStats
← Cre4ted SnIpZz

Arabia

509944264Analyzed
1v1 RM · 5d ago on Sep 28, 2026· 24m 4s· 2 players
Game mode
Random Map
Map size
Tiny (2 player)
Population
200
Speed
Normal
Resources
Standard
Victory
Conquest
Starting age
Dark Age
Ending age
Imperial Age
RankedLock teamsTeams togetherTeam positionsShared explorationLock speedFull tech treeHidden civsTurbo modeCheats
Victory
Defeat
🇩🇪 Spanish · Germany
1435
+15
🇩🇪 Mongols · Germany
1408
-15
Secret_jed
6:47 Loom
9:13 Feudal Age
9:32 Man-at-Arms
10:25 Double-Bit Axe
18:59 Castle Age
18:26 Fletching
18:35 Gold Mining
19:14 Padded Archer Armor
19:04 Crossbowman
20:21 Bodkin Arrow
24:04 Bloodlines
Cre4ted SnIpZz
7:25 Loom
10:16 Feudal Age
14:45 Castle Age
Connection lost

Rejoining the realm…

Still unreachable

The connection could not be restored.

Session expired

The server has moved on; the page needs a fresh start.